 Dungeon Crawl Stone Soup version 0.29-a0-43-g62a80824bf (webtiles) character file.

Game seed: 16645663006897310678

11 grumblor the Skirmisher (level 2, 0/16 HPs)
             Began as a Vine Stalker Fighter on Feb 3, 2022.
             Slain by Terence (1 damage)
             ... on level 2 of the Dungeon.
             The game lasted 00:00:38 (696 turns).

grumblor the Skirmisher (Vine Stalker Fighter)       Turns: 696, Time: 00:00:38

Health: 0/16       AC:  6    Str: 18    XL:     2   Next: 25%
Magic:  0/3        EV:  9    Int:  8    God:
Gold:   23         SH:  4    Dex: 13    Spells: 1/1 levels left

rFire   . . .      SeeInvis .   a - +0 war axe
rCold   . . .      Faith    .   c - +0 buckler
rNeg    . . .      Spirit   +   b - +0 scale mail
rPois   .          Reflect  .   (no helmet)
rElec   .          Harm     .   (no cloak)
rCorr   .          Rampage  .   (no gloves)
Will    .....                   (no boots)
Stlth   ..........              (no amulet)
HPRegen 0.05/turn               (no ring)
MPRegen 0.08/turn               (no ring)

@: no status effects
A: fangs 2, magic shield, antimagic bite, no potion heal 2
a: no special abilities


You were on level 2 of the Dungeon.
You visited 1 branch of the dungeon, and saw 2 of its levels.

You collected 23 gold pieces.

Inventory:

Hand Weapons
 a - a +0 war axe (weapon)
Armour
 b - a +0 scale mail (worn)
 c - a +0 buckler (worn)
Scrolls
 f - a scroll of teleportation {unknown}
Potions
 d - a potion of might
 e - a potion of magic {unknown}
 g - a potion of berserk rage {unknown}


   Skills:
 * Level 2.9 Fighting
 + Level 1.8 Axes
 + Level 2.5 Armour
 * Level 0.4 Dodging
 + Level 2.8 Shields


You had one spell level left.
You didn't know any spells.
Your spell library was empty.

Dungeon Overview and Level Annotations

Branches:
Dungeon (1/15)

Altars:

Annotations:
D:2 Terence


Innate Abilities, Weirdness & Mutations

You have extremely sharp teeth.
When hurt, damage is shared between your health and your magic reserves.
Your bite disrupts and absorbs the magic of your enemies.
Potions cannot restore your health.


Message History

Key pressed, stopping explore.
No target in view!
An endoplasm comes into view.
An endoplasm is nearby!
Found a fizzy purple potion.
The endoplasm freezes you.
You are frozen.
You hit the endoplasm.
You kill the endoplasm!
No target in view!
No target in view!
No target in view!
Magic restored.
g - a fizzy purple potion Terence the Incautious comes into view.
He is wielding a +1 mace of holy wrath and wearing a +1 ring mail of positive energy.
Terence shouts!
Terence says, "Time to say good-bye..."
Unknown command.
Terence hits you with a +1 mace of holy wrath.
You completely miss Terence. Your bite misses Terence.
Terence barely misses you.
You slash Terence! You bite Terence, but do no damage.
Terence is heavily wounded.
Terence hits you with a +1 mace of holy wrath!
Terence barely misses you.
You are too injured to fight recklessly!
You are too injured to fight recklessly!
You are too injured to fight recklessly!
You are too injured to fight recklessly!
You are too injured to fight recklessly!
You hit Terence but do no damage.
Terence is heavily wounded.
Terence hits you with a +1 mace of holy wrath!
* * * LOW HITPOINT WARNING * * *
Unknown command.
You closely miss Terence. Your bite misses Terence.
Terence is heavily wounded.
Terence screams, "I want your blood!"
Terence hits you with a +1 mace of holy wrath.
You die...

############# #...........###
#.............#
#..########.#.#
#..#...@@...#.#
########..#.########.#
##.........# #.##
.....#####.# #..###### ##...#
#.# #.......# ##.### ###.#
#####.......# ##.# #...#
...#.......#
##.#####...########.#.......#
##.....#................#..##


You could see Terence.

Vanquished Creatures
  3 endoplasms
  A giant cockroach (D:2)
  2 quokkas (D:1)
  A frilled lizard (D:1)
  2 kobolds
9 creatures vanquished.

Notes
Turn   | Place    | Note
-------+----------+-------------------------------------------
     0 | D:1      | grumblor the Vine Stalker Fighter began the quest for the
                  | Orb.
     0 | D:1      | Reached XP level 1. HP: 11/11 MP: 2/2
   197 | D:1      | You fall into a shaft and drop 1 floor!
   211 | D:2      | Reached XP level 2. HP: 11/16 MP: 3/3
   689 | D:2      | Noticed Terence
   696 | D:2      | Slain by Terence

Illustrated notes

Levels and vault maps discovered:
D:1:      beargit_arrival_diablo_church, layout_loops_ring,
          basic_ecumenical_altar
D:2:      cheibrodos_helix_gallery, layout_basic, grunt_decor_resistance,
          minivault_27, kennysheep_generic_room_16, uniq_robin, uniq_terence

Action                   || total
-------------------------++-------
Melee: War axe           ||    26
       Bite              ||     3
Armor: Scale mail        ||     5
Dodge: Dodged            ||    11
Block: Buckler           ||     3

Table legend: (Time is in decaauts)
 A = Elapsed time spent in this place.
 B = Non-inter-level travel time spent in this place.
 C = Inter-level travel time spent in this place.
 D = Time resting spent in this place.
 E = Time spent auto-exploring this place.
 F = Levels seen in this place.
 G = Mean time per level.
                   A        B        C        D        E       F      G
               +--------+--------+--------+--------+--------+-----+--------+
         Total |    707 |    707 |      0 |    293 |    341 |   2 |  353.5 |
       Dungeon |    707 |    707 |      0 |    293 |    341 |   2 |  353.5 |
               +--------+--------+--------+--------+--------+-----+--------+

Top non-repeatable levels by time:
     D:2: 506 daAuts
     D:1: 200 daAuts
